 Dungeon Crawl Stone Soup version 0.21.1-1-g345015fe64 (webtiles) character file.

18675 McKennaii the Eclecticist (level 12, -3/60 HPs)
             Began as a Deep Elf Ice Elementalist on May 29, 2018.
             Was a High Priest of Sif Muna.
             Shot with an arrow by a centaur warrior (19 damage)
             ... on level 13 of the Dungeon.
             The game lasted 01:01:05 (20736 turns).

McKennaii the Eclecticist (DEIE)                   Turns: 20736, Time: 01:01:05

Health: -3/60      AC: 13    Str:  5    XL:     12   Next: 29%
Magic:  23/34      EV: 11    Int: 30    God:    Sif Muna [*****.]
Gold:   751        SH:  0    Dex: 15    Spells: 29/43 levels left

rFire    . . .     SeeInvis .   e - staff of cold
rCold    + . .     Gourm    .   (no shield)
rNeg     + . .     Faith    .   A - +5 ring mail of Trog's No More Talking {rN+ Int+4}
rPois    +         Spirit   .   (no helmet)
rElec    .         Reflect  .   B - +1 cloak
rCorr    .         Harm     .   D - +0 pair of gloves
MR       ++...                  (no boots)
Stlth    ++........             (no amulet)
HPRegen  0.20/turn              n - ring of protection from magic
MPRegen  0.24/turn              y - ring of poison resistance

@: no status effects
A: no striking features
a: Divine Energy, Channel Magic, Forget Spell, Renounce Religion


You were on level 13 of the Dungeon.
You worshipped Sif Muna.
Sif Muna was extremely pleased with you.
You were near starving.

You visited 3 branches of the dungeon, and saw 16 of its levels.
You also visited: Sewer.

You collected 751 gold pieces.

Inventory:

Hand Weapons
 w - a +1 dagger of protection
Armour
 A - the +5 ring mail of Trog's No More Talking (worn) {rN+ Int+4}
   (You found it on level 7 of the Dungeon)

   It affects your intelligence (+4).
   It protects you from negative energy.
 B - a +1 cloak (worn)
 D - a +0 pair of gloves (worn)
 S - the +1 leather armour of Jigsaw {rPois Regen+}
   (You found it on level 12 of the Dungeon)

   It protects you from poison.
   It increases your rate of regeneration.
Magical Staves
 e - an uncursed staff of cold (weapon)
Jewellery
 a - an uncursed ring of positive energy
 b - an uncursed ring of resist corrosion
 d - an uncursed ring of stealth {unknown}
 n - a ring of protection from magic (left hand)
 y - a ring of poison resistance (right hand)
 N - an uncursed ring of magical power {unknown}
Wands
 k - a wand of random effects (27)
 p - a wand of scattershot (4)
 q - a wand of paralysis (10)
 r - a wand of acid (8)
 I - a wand of clouds (7)
 M - a wand of enslavement (11)
Scrolls
 f - 3 scrolls of magic mapping
 g - 3 scrolls of blinking
 h - 8 scrolls of teleportation
 i - 4 scrolls of enchant weapon
 t - 9 scrolls of remove curse
 E - a scroll of amnesia
 G - 2 scrolls of holy word
 H - a scroll of silence {unknown}
 J - a scroll of fog {unknown}
 O - a scroll of fear
 P - a scroll of immolation {unknown}
 Q - a scroll of summoning {unknown}
Potions
 j - 2 potions of flight
 m - 3 potions of lignification
 s - 6 potions of curing
 u - a potion of magic
 v - 3 potions of might
 z - a potion of agility {unknown}
 K - a potion of heal wounds
 L - a potion of invisibility {unknown}
 R - a potion of mutation {unknown}
Books
 l - a book of Ice

   Spells                             Type                      Level
   a - Ice Form                       Ice/Transmutation            4
   b - Metabolic Englaciation         Hexes/Ice                    5
   c - Ozocubu's Refrigeration        Ice                          6
   d - Bolt of Cold                   Conjuration/Ice              6
   e - Freezing Cloud                 Conjuration/Ice/Air          6
   f - Simulacrum                     Ice/Necromancy               6
 o - Ileher's Almanac of the Captivating Snowflakes
   (Sif Muna gifted it to you on level 1 of the Lair of Beasts)

   Spells                             Type                      Level
   a - Corona                         Hexes                        1
   b - Inner Flame                    Hexes/Fire                   3
   c - Silence                        Hexes/Air                    5
   d - Simulacrum                     Ice/Necromancy               6
   e - Ozocubu's Refrigeration        Ice                          6
 x - a book of Battle

   Spells                             Type                      Level
   a - Infusion                       Charms                       1
   b - Shroud of Golubria             Charms/Translocation         2
   c - Song of Slaying                Charms                       2
   d - Spectral Weapon                Hexes/Charms                 3
   e - Regeneration                   Charms/Necromancy            3
 F - a book of Flames

   Spells                             Type                      Level
   a - Flame Tongue                   Conjuration/Fire             1
   b - Throw Flame                    Conjuration/Fire             2
   c - Conjure Flame                  Conjuration/Fire             3
   d - Inner Flame                    Hexes/Fire                   3
   e - Sticky Flame                   Conjuration/Fire             4
   f - Fireball                       Conjuration/Fire             5
Miscellaneous
 C - a lightning rod (4/4)
Comestibles
 c - 28 rations


   Skills:
 + Level 0.7 Fighting
 + Level 0.4 Short Blades
 + Level 2.6 Armour
 + Level 4.4 Dodging
 + Level 5.3 Stealth
 * Level 16.2 Spellcasting
 + Level 5.0 Conjurations
 + Level 0.2 Charms
 * Level 7.3 Summonings
 * Level 13.1 Ice Magic


You had 29 spell levels left.
You knew the following spells:

 Your Spells              Type           Power        Failure   Level  Hunger
a - Freeze                Ice            ####         1%          1    None
b - Throw Frost           Conj/Ice       ######       1%          2    None
c - Ozocubu's Armour      Chrm/Ice       #######.     1%          3    None
d - Summon Ice Beast      Ice/Summ       #######.     1%          4    None
e - Throw Icicle          Conj/Ice       #######.     1%          4    None


Dungeon Overview and Level Annotations

Branches:
Dungeon (13/15)            Temple (1/1) D:4            Lair (2/6) D:8
    Orc (0/2) D:11
  Swamp: Lair:2-4    Shoals: Lair:2-4     Snake: Lair:2-4    Spider: Lair:2-4
 Vaults: D:13-14

Altars:
Ashenzari
Cheibriados
Dithmenos
Elyvilon
Fedhas
Gozag
Hepliaklqana
Kikubaaqudgha
Makhleb
Nemelex Xobeh
Okawaru
Qazlal
Ru
Sif Muna
Trog
Uskayaw
Vehumet
Wu Jian
Xom
Yredelemnul
Zin
The Shining One
Jiyva

Shops:
D:9 (

Annotations:
D:6 1 runed door


Message History

Confirm with . or Enter, or press ? or * to list all spells.
You feel a surge of power! A chill wind blows around you.
The centaur warrior shouts!
The centaur warrior wields a longbow.
The centaur warrior shoots an arrow.
The arrow hits you!!
Casting: Summon Ice Beast
Confirm with . or Enter, or press ? or * to list all spells.
Aiming: Throw Icicle
Press: ? - help, Shift-Dir - straight line, f - centaur warrior
Aim: a centaur warrior, wielding a longbow You feel a surge of power!
The shard of ice hits the centaur warrior.
The centaur warrior is heavily wounded.
The centaur warrior shoots an arrow.
The arrow hits you!
The centaur warrior shoots an arrow.
The arrow barely misses you.
The centaur warrior shoots an arrow.
The arrow hits you!
* * * LOW HITPOINT WARNING * * *
You see here an arrow.
The centaur warrior shoots an arrow.
The arrow hits you!!
You die...

....#################
#.c................. ##
#................... .
#.....Y............. #.
#..Y................
#.#######.....(.............
#............(............##
#.##.....###.#...$.(.......#.#.
#...>.........@................
#...................########.#.
#........############ #.#.
#.[..............# #.#.
#..[.........^...# ########.##
#................####..(..#....
#..............................
#......#.....########..........
########.....# #.....#....


You could see a centaur warrior and 2 friendly ice beasts.

Vanquished Creatures
  A centaur warrior (D:13)
  Pikel (D:9)
  Psyche (D:8)
  A centaur zombie (D:13)
  2 spiny frogs (Lair:1)
  The ghost of tobi4572 the Covert, a novice SpAs of Trog (D:7)
  A troll (D:12)
  4 hippogriffs
  A blink frog (Lair:1)
  A redback (Lair:2)
  Sigmund (D:5)
  3 wyverns
  4 yaks
  2 hogs (D:12)
  A basilisk (D:10)
  A hungry ghost (D:11)
  3 water moccasins (Lair:1)
  3 porcupines
  The ghost of McKennaii the Magician, an amateur DEIE of Sif Muna (D:4)
  2 orc warriors
  3 sky beasts
  A black bear (D:13)
  2 ice beasts (D:11)
  A phantom (D:11)
  2 eyes of draining (D:10)
  3 wolves (Lair:1)
  2 ogres
  3 centaurs
  A crocodile (Lair:1)
  A big kobold (D:9)
  8 bullfrogs
  5 scorpions
  2 wights (D:8)
  5 killer bees (D:10)
  3 howler monkeys
  3 crimson imps
  A quasit (D:10)
  6 orc priests
  A bullfrog zombie (D:5)
  4 hounds
  3 jellies
  A bullfrog skeleton (D:10)
  A centaur skeleton (D:7)
  19 orc wizards
  Crazy Yiuf (D:7)
  Ijyb (D:4)
  Natasha (thrice) (D:4)
  3 iguanas
  3 worker ants
  2 hound zombies
  2 hound skeletons (D:8)
  7 gnolls
  14 adders
  A river rat (D:8)
  10 oozes
  An adder skeleton (D:8)
  5 worms
  18 leopard geckos
  38 orcs
  11 ball pythons
  6 bats
  10 giant cockroaches
  10 goblins
  7 hobgoblins
  15 jackals
  6 quokkas
  10 frilled lizards (Sewer)
  3 kobolds
  A kobold skeleton (D:6)
  A leopard gecko zombie (D:9)
  3 quokka skeletons
  4 rats
312 creatures vanquished.

Vanquished Creatures (collateral kills)
  2 hydras
  2 two-headed ogres (D:8)
  A death yak (D:8)
  Nergalle (D:11)
  2 ugly things (D:13)
  8 slime creatures
  A centaur skeleton (D:10)
  A gargoyle (D:10)
  A spiny frog (Lair:1)
  A troll (D:11)
  Prince Ribbit (D:6)
  2 blink frogs (Lair:1)
  2 hippogriffs
  9 yaks
  A hungry ghost (D:6)
  2 vampire mosquitoes (D:12)
  A porcupine (Lair:1)
  A swamp drake (D:11)
  An ice beast (D:7)
  An eye of draining (D:9)
  3 ogres
  A black bear (D:9)
  A phantom (D:7)
  7 wolves (Lair:1)
  A centaur (D:7)
  3 bullfrogs
  A scorpion (D:12)
  5 killer bees (D:10)
  3 wights (D:8)
  7 howler monkeys
  A centaur zombie (D:6)
  A crimson imp (D:6)
  A bullfrog skeleton (D:13)
  An orc priest (D:11)
  2 orc wizards
  A worker ant zombie (D:5)
  2 adders
  A shadow imp (D:8)
  An adder zombie (D:9)
  A leopard gecko (D:6)
  9 orcs
  A jackal (D:8)
  2 quokkas (D:8)
  A jackal skeleton (D:6)
  2 kobolds (D:9)
  A kobold zombie (D:6)
  A quokka skeleton (D:6)
  A rat (D:8)
103 creatures vanquished.

Vanquished Creatures (others)
  A slave (D:9)
  An orc (D:9)
  A fungus (Lair:1)
3 creatures vanquished.

Grand Total: 418 creatures vanquished

Notes
Turn   | Place    | Note
-------+----------+-------------------------------------------
     0 | D:1      | McKennaii the Deep Elf Ice Elementalist began the quest for the Orb.
     0 | D:1      | Reached XP level 1. HP: 10/10 MP: 6/6
    47 | D:1      | Reached XP level 2. HP: 15/15 MP: 4/8
   877 | D:2      | Reached XP level 3. HP: 10/19 MP: 5/10
   881 | D:2      | Learned a level 2 spell: Throw Frost
   885 | D:2      | Learned a level 3 spell: Ozocubu's Armour
  1359 | D:2      | Reached skill level 4 in Spellcasting
  1372 | D:1      | Reached XP level 4. HP: 16/24 MP: 6/12
  1896 | D:2      | Found a hazy altar of Hepliaklqana.
  2305 | D:3      | Reached skill level 5 in Ice Magic
  2305 | D:3      | Reached XP level 5. HP: 28/28 MP: 3/14
  2385 | D:3      | Learned a level 4 spell: Summon Ice Beast
  2451 | D:3      | Found a blossoming altar of Fedhas.
  2799 | D:3      | Found a burning altar of Makhleb.
  2803 | D:3      | Reached skill level 5 in Spellcasting
  2917 | D:4      | Noticed Ijyb
  3004 | D:4      | Found a glowing drain.
  3017 | Sewer    | Entered a sewer
  3495 | Sewer    | Reached XP level 6. HP: 32/32 MP: 7/16
  3557 | Sewer    | Learned a level 4 spell: Throw Icicle
  3851 | Sewer    | Reached skill level 6 in Spellcasting
  4203 | D:4      | Reached XP level 7. HP: 32/36 MP: 11/19
  4218 | D:4      | Noticed McKennaii's ghost (amateur DEIE)
  4227 | D:4      | Killed McKennaii's ghost
  4227 | D:4      | Reached skill level 7 in Spellcasting
  4302 | D:4      | Killed Ijyb
  4559 | D:4      | Found a stormy altar of Qazlal.
  4578 | D:4      | Found a staircase to the Ecumenical Temple.
  4596 | Temple   | Entered the Ecumenical Temple
  4612 | Temple   | Became a worshipper of Sif Muna the Loreminder
  4850 | D:4      | Noticed Natasha
  4853 | D:4      | Killed Natasha
  4926 | D:4      | Noticed Natasha
  4930 | D:4      | Killed Natasha
  5484 | D:4      | Found a snail-covered altar of Cheibriados.
  5535 | D:4      | Noticed Natasha
  5553 | D:4      | Killed Natasha
  5553 | D:4      | Reached skill level 8 in Spellcasting
  6009 | D:5      | Entered Level 5 of the Dungeon
  6090 | D:5      | Found an opulent altar of Gozag.
  6108 | D:5      | Reached XP level 8. HP: 32/41 MP: 19/22
  6551 | D:5      | Noticed Sigmund
  6873 | D:4      | Reached skill level 1 in Summonings
  6976 | D:5      | Killed Sigmund
  6976 | D:5      | Reached skill level 5 in Stealth
  7293 | D:6      | Reached * piety under Sif Muna
  8049 | D:6      | Reached skill level 9 in Spellcasting
  8173 | D:6      | Identified a scroll of acquirement
  8232 | D:6      | Noticed Prince Ribbit
  8263 | D:6      | Killed Prince Ribbit
  8444 | D:6      | Reached XP level 9. HP: 23/46 MP: 14/24
  8867 | D:6      | Reached ** piety under Sif Muna
  8891 | D:6      | Reached skill level 10 in Spellcasting
  8975 | D:6      | Found a runed door.
  8980 | D:6      | Found a basalt altar of Yredelemnul.
  9437 | D:7      | Noticed tobi4572's ghost (novice SpAs)
  9444 | D:7      | Killed tobi4572's ghost
  9920 | D:7      | Found an ornate altar of the Wu Jian Council.
 10199 | D:7      | Got a jewelled ring mail
 10298 | D:7      | Found an iron altar of Okawaru.
 10334 | D:7      | Reached skill level 11 in Spellcasting
 10614 | D:7      | Found a bloodstained altar of Trog.
 10719 | D:7      | Reached *** piety under Sif Muna
 10756 | D:7      | Found a runed door.
 10898 | D:7      | Noticed Crazy Yiuf
 10899 | D:7      | Killed Crazy Yiuf
 11161 | D:8      | Reached skill level 12 in Spellcasting
 11293 | D:8      | Noticed a two-headed ogre
 11308 | D:8      | Killed a two-headed ogre
 11308 | D:8      | Reached XP level 10. HP: 51/51 MP: 11/28
 11553 | D:8      | Found a staircase to the Lair.
 11553 | D:8      | Noticed a death yak
 11553 | D:8      | Noticed a death yak
 11786 | D:8      | Noticed a two-headed ogre
 11793 | D:8      | Killed a two-headed ogre
 11983 | D:8      | Reached **** piety under Sif Muna
 12001 | D:8      | Noticed a death yak
 12001 | D:8      | Killed a death yak
 12001 | D:8      | Reached skill level 10 in Ice Magic
 12347 | D:8      | Found a sparkling altar of Nemelex Xobeh.
 12567 | D:8      | Noticed Psyche
 12569 | D:8      | Killed Psyche
 12569 | D:8      | Reached skill level 13 in Spellcasting
 12569 | D:8      | Reached skill level 5 in Summonings
 12747 | D:8      | Identified the +5 ring mail of Trog's No More Talking {rN+ Int+4} (You found it on level 7 of the Dungeon)
 12772 | Lair:1   | Entered Level 1 of the Lair of Beasts
 12866 | Lair:1   | Noticed a spiny frog
 12878 | Lair:1   | Killed a spiny frog
 13058 | Lair:1   | Noticed a spiny frog
 13059 | Lair:1   | Killed a spiny frog
 13226 | Lair:1   | Reached ***** piety under Sif Muna
 13226 | Lair:1   | Identified Ileher's Almanac of the Captivating Snowflakes (Sif Muna gifted it to you on level 1 of the Lair of Beasts)
 13226 | Lair:1   | Received a gift from Sif Muna
 13664 | Lair:1   | Noticed a spiny frog
 13666 | Lair:1   | Killed a spiny frog
 13668 | Lair:1   | Reached XP level 11. HP: 55/55 MP: 20/30
 13680 | Lair:1   | Reached skill level 14 in Spellcasting
 13995 | Lair:1   | Reached skill level 1 in Armour
 14931 | D:9      | Noticed Pikel
 14938 | D:9      | Killed Pikel
 15028 | D:9      | Found Boghin's Antique Weapon Shop.
 15530 | D:9      | Found a glowing silver altar of Zin.
 15537 | D:9      | Found a radiant altar of Vehumet.
 15749 | D:10     | Entered Level 10 of the Dungeon
 17158 | D:11     | Noticed Nergalle
 17167 | D:11     | Killed Nergalle
 17269 | D:11     | Reached skill level 15 in Spellcasting
 17881 | D:11     | Noticed a six-headed hydra
 17885 | D:11     | Killed a six-headed hydra
 18491 | D:11     | Found a staircase to the Orcish Mines.
 18795 | D:12     | Received a gift from Sif Muna
 18804 | D:12     | Noticed a four-headed hydra
 18808 | D:12     | Killed a four-headed hydra
 19177 | D:12     | Got a faintly glowing leather armour
 19372 | D:12     | Reached XP level 12. HP: 60/60 MP: 19/33
 19842 | D:12     | Identified the +1 leather armour of Jigsaw {rPois Regen+} (You found it on level 12 of the Dungeon)
 20067 | D:13     | Found a shimmering altar of Xom.
 20089 | D:13     | Reached skill level 16 in Spellcasting
 20161 | D:13     | Noticed a centaur warrior
 20333 | D:13     | Noticed a centaur warrior
 20337 | D:13     | Killed a centaur warrior
 20337 | D:13     | Reached skill level 5 in Conjurations
 20736 | D:13     | Shot with an arrow by a centaur warrior

Skill      XL: |  1  2  3  4  5  6  7  8  9 10 11 12 |
---------------+-------------------------------------+-----
Ice Magic      | 4 5 6 7 8 9 11 12 13 | 13.1
Stealth        | 3 4 5 |  5.3
Spellcasting   | 4 5 6 8 9 12 13 15 16 | 16.2
Dodging        | 3 4 |  4.4
Summonings     | 3 4 5 7 |  7.3
Conjurations   | 2 3 4 5 |  5.0
Armour         | 2 |  2.6
Fighting       | |  0.7
Short Blades   | |  0.4
Charms         | |  0.2

Action                   |  1- 3 |  4- 6 |  7- 9 | 10-12 || total
-------------------------+-------+-------+-------+-------++-------
Melee: Dagger            |    20 |    76 |    67 |       ||   163
       Unarmed           |     1 |       |       |       ||     1
       Staff             |       |       |    11 |    46 ||    57
 Cast: Freeze            |    35 |    77 |   129 |    30 ||   271
       Throw Frost       |     6 |    63 |   142 |    83 ||   294
       Summon Ice Beast  |       |       |    36 |    68 ||   104
       Throw Icicle      |       |       |    27 |   164 ||   191
       Ozocubu's Armour  |       |       |       |     1 ||     1
  Use: Potion            |       |     2 |     2 |       ||     4
       Scroll            |       |       |    10 |    10 ||    20
 Stab: Sleeping          |     5 |     7 |     4 |     1 ||    17
       Distracted        |       |       |     1 |       ||     1
  Eat: Chunk             |     1 |     9 |    18 |    24 ||    52
       Ration            |       |       |     2 |     1 ||     3
Armor: Robe              |     8 |    20 |    24 |     8 ||    60
       Ring mail         |       |       |       |    37 ||    37
Dodge: Dodged            |    38 |    87 |   160 |    61 ||   346
